 Dungeon Crawl Stone Soup version 0.27.1-2-g3b301248ec (webtiles) character file.

Game seed: 79462861438556733

156 MajorAdolf the Skirmisher (level 5, -1/49 HPs)
             Began as a Naga Wanderer on Sept 22, 2021.
             Slain by a bullfrog (2 damage)
             ... in a sewer.
             The game lasted 00:04:37 (3700 turns).

MajorAdolf the Skirmisher (Naga Wanderer)           Turns: 3700, Time: 00:04:37

Health: -1/49      AC: 11    Str: 14 (15) XL:     5   Next: 37%
Magic:  8/8        EV:  5    Int: 14 (15) God:
Gold:   80         SH:  0    Dex:  5 (8)  Spells: 8/8 levels left

rFire    . . .     SeeInvis +   j - +1 flail
rCold    . . .     Faith    .   (no shield)
rNeg     . . .     Spirit   .   k - +0 scale mail
rPois    +         Reflect  .   (no helmet)
rElec    .         Harm     .   e - +0 cloak
rCorr    .         Rampage  .   (no gloves)
Will     .....                  d - +1 barding
Stlth    ..........             (no amulet)
HPRegen  0.16/turn              (no ring)
MPRegen  0.11/turn              (no ring)

@: mighty, very slow
A: AC +1, large, see invisible, deformed body, poison resistance, slowness 2,
spit poison 1, naga tail 1
a: Spit Poison


You were in a sewer.
You visited 1 branch of the dungeon, and saw 3 of its levels.
You also visited: Sewer.

You collected 80 gold pieces.

Inventory:

Hand Weapons
 a - a +0 club
 j - a +1 flail (weapon)
Armour
 b - a +0 robe
 c - a +0 plate armour
 d - a +1 barding (worn)
 e - a +0 cloak (worn)
 k - a +0 scale mail (worn)
Scrolls
 f - 3 scrolls of noise {unknown}


   Skills:
 + Level 3.5 Fighting
 + Level 1.6 Armour
 + Level 1.6 Dodging
 - Level 1.5 Stealth
 - Level 2.0 Spellcasting
 - Level 2.0 Transmutations
 - Level 2.0 Fire Magic
 - Level 2.6 Poison Magic
 - Level 1.0 Evocations


You had 8 spell levels left.
You didn't know any spells.
Your spell library contained the following spells:

 Spells                   Type           Power      Damage    Failure   Level
 Sting                    Tmut/Pois      28%        1d4       36%         1
 Beastly Appendage        Tmut           14%        N/A       41%         1
 Foxfire                  Conj/Fire      16%        2x1d4     54%         1
 Poisonous Vapours        Pois/Air       10%        N/A       65%         2
 Corona                   Hex            1%         N/A       69%         1
 Ignite Poison            Fire/Tmut/Pois 7%         N/A       77%         3
 Conjure Flame            Conj/Fire      4%         6-21      89%         3
 Inner Flame              Hex/Fire       4%         N/A       89%         3
 Mephitic Cloud           Conj/Pois/Air  3%         N/A       91%         3
 Olgreb's Toxic Radiance  Pois           8%         N/A       97%         4


Dungeon Overview and Level Annotations

Branches:
Dungeon (3/15)              Sewer (1/1)

Altars:
Zin


Innate Abilities, Weirdness & Mutations

Your serpentine skin is tough. (AC +1)
You have supernaturally acute eyesight. (SInv)
Armour fits poorly on your strangely shaped body.
Your system is resistant to poisons. (rPois)
You cover ground very slowly.
You can spit poison.
You have a snake-like lower body.


Message History

The splash of poison misses the bullfrog.
The splash of poison misses the frilled lizard.
The bullfrog completely misses you. The bullfrog hits you!
The bullfrog hits you but does no damage.
Unknown command.
You closely miss the bullfrog. The bullfrog hits you. x2
The bullfrog hits you but does no damage. x2
The bullfrog barely misses you.
It was a potion of might.
You feel very mighty all of a sudden. The bullfrog barely misses you. x2
It was a potion of degeneration.
There was something very wrong with that liquid.
You feel weakened.
You feel dopey.
You feel clumsy. The bullfrog barely misses you. The bullfrog hits you. x3
* * * LOW HITPOINT WARNING * * *
Unknown command.
You barely miss the bullfrog.
The bullfrog hits you but does no damage. x3
The bullfrog barely misses you.
You thump the bullfrog!
The bullfrog is heavily wounded.
You have got your breath back.
The bullfrog hits you.
* * * LOW HITPOINT WARNING * * *
The bullfrog hits you.
* * * LOW HITPOINT WARNING * * *
The bullfrog hits you but does no damage.
The bullfrog barely misses you.
You closely miss the bullfrog.
The bullfrog is moderately wounded.
The bullfrog barely misses you. The bullfrog hits you.
* * * LOW HITPOINT WARNING * * *
The bullfrog hits you.
* * * LOW HITPOINT WARNING * * *
The bullfrog hits you but does no damage.
You barely miss the bullfrog.
The bullfrog is moderately wounded.
The bullfrog hits you.
You die...

##.##≈≈#.≈†## ##≈≈≈#≈≈#
#.≈#≈.≈#≈≈## ##≈≈#≈.≈
#≈≈#≈###≈†# #≈≈##≈≈
#≈≈#÷#.≈≈##≈.≈≈≈≈≈##≈≈#.≈
#≈≈#≈#∩≈≈#≈.≈≈.≈≈≈≈#≈≈#≈≈
#†≈#≈#.≈≈#≈≈≈≈≈.≈≈≈#≈≈#†≈
#≈≈#≈##≈≈#≈≈≈≈.!≈≈≈#≈.#.≈
#≈≈#≈≈#†≈#≈.≈≈($.≈≈#≈≈#≈≈
#≈≈#≈.#≈@#≈≈≈?.$..≈#≈.#≈≈
#≈≈≈≈≈#FF##..≈..≈≈##÷≈#≈≈
#≈.≈≈≈#.ll≈..≈.≈≈≈#≈÷##≈≈
#≈≈...###Sr≈≈≈≈≈≈##≈≈#≈≈≈
#######≈###≈.≈≈≈##≈≈≈#≈≈#
#≈≈≈≈≈#######≈≈≈##.≈#
#≈≈††≈†≈≈≈≈≈≈≈≈≈#≈≈≈#
##≈≈##≈≈≈≈...≈≈##≈≈##
##.≈##≈≈≈.≈.≈##≈.≈#


You could see 2 bullfrogs, a quokka, a ball python and 2 frilled lizards.

Vanquished Creatures
  6 adders
  3 dart slugs
  4 bats
  13 endoplasms
  10 giant cockroaches
  3 goblins
  2 hobgoblins (D:2)
  4 jackals (D:1)
  13 quokkas
  14 ball pythons
  9 frilled lizards
  2 kobolds
  5 rats
88 creatures vanquished.

Vanquished Creatures (collateral kills)
  2 quokkas (D:3)
2 creatures vanquished.

Grand Total: 90 creatures vanquished

Notes
Turn   | Place    | Note
-------+----------+-------------------------------------------
     0 | D:1      | MajorAdolf the Naga Wanderer began the quest for the Orb.
     0 | D:1      | MajorAdolf set off with the following items: a +0 club, a
                  | +0 robe; and the following spells available to memorise:
                  | Sting, Beastly Appendage, Poisonous Vapours, Corona, Ignite
                  | Poison, Inner Flame, Mephitic Cloud, Olgreb's Toxic
                  | Radiance
     0 | D:1      | Reached XP level 1. HP: 15/15 MP: 3/3
   319 | D:1      | Reached skill level 1 in Fighting
   471 | D:1      | Reached XP level 2. HP: 11/26 MP: 5/5
   946 | D:1      | Reached skill level 2 in Fighting
  1222 | D:1      | Reached XP level 3. HP: 14/33 MP: 6/6
  1576 | D:1      | Found a faded altar of an unknown god.
  2402 | D:3      | Found a glowing silver altar of Zin.
  2482 | D:3      | Reached skill level 3 in Fighting
  2482 | D:3      | Reached XP level 4. HP: 40/42 MP: 7/7
  2558 | D:3      | Reached skill level 1 in Armour
  2558 | D:3      | Reached skill level 1 in Dodging
  2558 | D:3      | Found a glowing drain.
  2567 | Sewer    | Entered a sewer
  3084 | Sewer    | Reached XP level 5. HP: 49/49 MP: 8/8
  3699 | Sewer    | HP: 1/49 [bullfrog (6)]
  3700 | Sewer    | Slain by a bullfrog

Illustrated notes

Levels and vault maps discovered:
D:1:      zelgadis_glass_arrival_small, layout_basic,
          shapermc_ecumenical_altar_petra
D:2:      layout_rooms
D:3:      layout_basic, nzn_overflow_gifts_of_might_and_magic, zin_academy,
          nicolae_overflow_crystal_walls, portal_sewer_entry_d, minmay_cupped
Sewer:    sewer_frog_island_02

Skill      XL: |  1  2  3  4 |
---------------+-------------+-----
Fighting       | 1 2 3 |  3.5
Armour         | 1 |  1.6
Dodging        | 1 |  1.6
Stealth        | |  1.5
Spellcasting   | |  2.0
Transmutations | |  2.0
Fire Magic     | |  2.0
Poison Magic   | |  2.6
Evocations     | |  1.0

Action                   |  1- 3 |  4- 6 || total
-------------------------+-------+-------++-------
Melee: Club              |   135 |       ||   135
       Flail             |    37 |   207 ||   244
 Abil: Spit Poison       |    19 |     4 ||    23
  Use: Scroll            |     5 |       ||     5
       Potion            |       |     2 ||     2
Armor: Plate armour      |   195 |       ||   195
       Robe              |     1 |       ||     1
       Scale mail        |    42 |   248 ||   290
Dodge: Dodged            |    19 |    90 ||   109
